 Dungeon Crawl Stone Soup version 0.30-a0-900-g23479c02f2 (webtiles) character file.

Game seed: 15670355731076021484

11116 buddhastalin the Fighter (level 11, -11/92 HPs)
             Began as a Demonspawn Gladiator on Mar 18, 2023.
             Was a High Priest of Okawaru.
             Mangled by a freezing wraith (16 damage)
             ... on level 10 of the Dungeon.
             The game lasted 00:33:21 (11011 turns).

buddhastalin the Fighter (Demonspawn Gladiator)    Turns: 11011, Time: 00:33:23

Health: -11/92     AC:  9    Str: 14    XL:     11   Next: 45%
Magic:  15/15      EV: 14    Int: 15    God:    Okawaru [*****.]
Gold:   630        SH:  0    Dex: 14    Spells: 10/10 levels left

rFire   + . .      SeeInvis .    a - +2 trident (freeze)
rCold   . . .      Faith    .    B - +1 buckler
rNeg    + . .      Spirit   .    x - +1 leather armour {rN+}
rPois   .          Reflect  .    n - +0 hat
rElec   .          Rampage  .    j - +0 cloak
rCorr   .                        h - +0 pair of gloves
Will    +....                    c - +1 pair of boots of Dramatic Exits {+Blink rF+}
Stlth   +                        (no amulet)
HPRegen 0.35/turn                (no ring)
MPRegen 0.14/turn                (no ring)

@: confused, slowed, studying Short Blades, very slow
A: hooves 2, powered by pain 2, spiny 2, sharp scales 1, demonic willpower
a: Renounce Religion, Evoke Blink, Heroism, Finesse, Duel


You were on level 10 of the Dungeon.
You worshipped Okawaru.
Okawaru was extremely pleased with you.
You visited 2 branches of the dungeon, and saw 11 of its levels.
You also visited: Sewer.

You collected 630 gold pieces.

Inventory:

Hand Weapons
 a - a +2 trident of freezing (weapon)
 y - a +0 spectral glaive
Missiles
 d - 3 throwing nets
 e - 3 javelins
 m - 35 poisoned darts (quivered)
Armour
 c - the +1 pair of boots of Dramatic Exits (worn) {+Blink rF+}
   (You found it on level 2 of the Dungeon)

   rF:        It protects you from fire.
   +Blink:    It lets you blink.
 h - a +0 pair of gloves (worn)
 j - a +0 cloak (worn)
 n - a +0 hat (worn)
 x - a +1 leather armour of positive energy (worn)
 B - a +1 buckler (worn)
Wands
 l - a wand of mindburst (12)
 o - a wand of roots (10)
 w - a wand of flame (13)
Scrolls
 i - 2 scrolls of identify
 k - 2 scrolls of immolation
 p - 2 scrolls of teleportation
 u - 3 scrolls of enchant armour
 C - a scroll of fog
 D - 2 scrolls of magic mapping
 E - 2 scrolls of poison
 G - a scroll of fear
Potions
 f - 3 potions of brilliance
 g - 2 potions of curing
 q - 2 potions of magic
 r - 3 potions of heal wounds
 s - 3 potions of invisibility
 t - 3 potions of resistance
 v - 2 potions of mutation
 z - 2 potions of haste
 A - 2 potions of lignification
 F - a potion of might {unknown}
 H - 2 potions of degeneration {unknown}
Miscellaneous
 b - a condenser vane


   Skills:
 + Level 10.7 Fighting
 * Level 10.2 Polearms
 - Level 1.7 Throwing
 + Level 7.4 Dodging
 - Level 4.9 Shields
 + Level 6.5 Invocations


You had 10 spell levels left.
You didn't know any spells.
Your spell library contained the following spells:

 Spells                   Type           Power      Damage    Failure   Level
 Apportation              Tloc           0%         N/A       41%         1
 Freeze                   Ice            0%         1d3       41%         1
 Cigotuvi's Dreadful Rot  Necr/Pois/Air  0%         N/A       54%         2
 Poisonous Vapours        Pois/Air       0%         N/A       54%         2
 Dazzling Flash           Conj/Hex       0%         N/A       78%         3
 Frozen Ramparts          Ice            0%         1d1       78%         3
 Hailstorm                Conj/Ice       0%         3d3       78%         3
 Mephitic Cloud           Conj/Pois/Air  0%         N/A       78%         3
 Iskenderun's Mystic Bla  Conj/Tloc      0%         2d3       99%         4
 Alistair's Intoxication  Tmut/Pois      0%         N/A       100%        5
 Starburst                Conj/Fire      0%         6d3       100%        6
 Orb of Destruction       Conj           0%         9d5       100%        7
 Summon Guardian Golem    Hex/Summ       Unusable   N/A       N/A         3
 Spellforged Servitor     Conj/Summ      Unusable   N/A       N/A         7

Dungeon Overview and Level Annotations

Branches:
Dungeon (10/15)            Temple (1/1) D:6            Lair (0/5) D:9
  Sewer (visited)
    Orc: D:9-12

Altars:
Ashenzari
Cheibriados
Dithmenos
Fedhas
Gozag
Hepliaklqana
Kikubaaqudgha
Makhleb
Nemelex Xobeh
Okawaru
Qazlal
Ru
Sif Muna
Trog
Uskayaw
Vehumet
Wu Jian
Xom
Yredelemnul

Shops:
D:2 (   D:7 =   D:8 !

Annotations:
D:3 2 transporters, Sanktem7's ghost, amateur MiFi
D:8 5 transporters


Innate Abilities, Weirdness & Mutations

You have hoof-like feet.
You sometimes gain power by taking damage.
You are mostly covered in sharp spines.
You are partially covered in razor-sharp scales. (AC +1, Slay +1)
You punish those that try to bend your will. (Will+)


Message History

The freezing wraith drains your vigour!
You feel yourself slow down.
You feel much better.
You feel like a meek peon again. You block the freezing wraith's attack.
The freezing wraith hits you. The freezing wraith drains your vigour!
You feel as though you will be slow longer.
The golden eye blinks at you.
You are confused.
The gnoll sergeant hits you from afar with a +2 heavy spear.
You closely miss the freezing wraith.
The freezing wraith is lightly damaged.
The freezing wraith is struck by your spines.
The freezing wraith completely misses you.
The freezing wraith hits you. The freezing wraith drains your vigour!
You feel as though you will be slow longer.
You hit the freezing wraith.
The freezing wraith is moderately damaged.
The gnoll sergeant misses you. The freezing wraith hits you!
* * * LOW HITPOINT WARNING * * *
The freezing wraith freezes you!!
* * * LOW HITPOINT WARNING * * *
The freezing wraith hits you but does no damage.
The freezing wraith barely misses you. The freezing wraith misses you.
You are too confused!
Unknown command.
The golden eye blinks at you. You resist with almost no effort.
The gnoll sergeant hits you but does no damage.
The freezing wraith hits you but does no damage. x2
The golden eye blinks at you. You resist with almost no effort.
You see here a killer bee corpse.
You bump into the crystal wall.
The gnoll sergeant closely misses you. The freezing wraith misses you.
The freezing wraith completely misses you.
The golden eye blinks at you. You resist with almost no effort.
The freezing wraith hits you.
* * * LOW HITPOINT WARNING * * *
The freezing wraith freezes you!
You die...

#....#####8.8#####
#..#
#....#.#.#8)8#.#.#
#..#
#....##..'...'..##
#..#
#....#...##8##...#
#..#
....##'#########'##
...#
....#..#.......#..#
...#
....#..#.⌠...⌠.#).#
....#.9#....⌠..#).#
....##.+...⌠..GW@##
.....###..⌠...g###
.....# #.⌠...⌠.#
.....###....:..#
.......####'####
.........##.#
........##...
.......##S...
#.....##..)uyc


You could see a freezing wraith, a gnoll sergeant and a golden eye.

Vanquished Creatures
  A centaur warrior (D:10)
  A two-headed ogre (D:10)
  Pikel (D:8)
  An ugly thing (D:10)
  Maggie (D:6)
  A gargoyle (D:10)
  Psyche (D:8)
  A kobold demonologist (D:10)
  Sigmund (D:5)
  2 wyverns
  17 yaks
  A wraith (D:10)
  2 steam dragons
  3 vampire mosquitoes
  Menkaure (D:5)
  A water moccasin (D:5)
  An ice beast (D:6)
  2 orc warriors (D:9)
  3 black bears
  4 centaurs
  A phantom (D:4)
  4 kobold brigands
  A gnoll sergeant (D:4)
  2 scorpions (D:5)
  8 bullfrogs
  11 wights
  8 killer bees
  5 howler monkeys
  Crazy Yiuf (D:6)
  5 orc priests
  3 sleepcaps
  3 hounds
  A gnoll bouda (D:7)
  4 iguanas
  6 orc wizards
  14 gnolls
  17 adders
  6 river rats (Sewer)
  2 shadow imps
  2 white imps
  An ufetubus (D:5)
  4 worms
  2 dart slugs (D:2)
  28 orcs
  20 ball pythons
  4 bats (D:1)
  7 endoplasms
  A giant cockroach (D:3)
  5 goblins
  5 hobgoblins
  6 quokkas
  8 frilled lizards
  15 kobolds
  31 rats
287 creatures vanquished.

Vanquished Creatures (others)
  2 kobolds (D:7)
  7 fungi (D:9)
  9 plants (D:9)
18 creatures vanquished.

Grand Total: 305 creatures vanquished

Notes
Turn   | Place    | Note
-------+----------+-------------------------------------------
     0 | D:1      | buddhastalin the Demonspawn Gladiator began the quest for
                  | the Orb.
     0 | D:1      | Reached XP level 1. HP: 16/16 MP: 1/1
    57 | D:1      | Found a faded altar of an unknown god.
   160 | D:1      | Gained mutation: You have large cloven feet. [demonic
                  | ancestry]
   160 | D:1      | Reached XP level 2. HP: 20/22 MP: 2/2
   742 | D:2      | Gained mutation: You are partially covered in sharp spines.
                  | [demonic ancestry]
   742 | D:2      | Reached XP level 3. HP: 28/28 MP: 3/3
   909 | D:2      | Reached XP level 4. HP: 16/35 MP: 4/4
  1171 | D:2      | Identified the +1 pair of boots of Dramatic Exits {+Blink
                  | rF+}
  1413 | D:2      | Found Gevas's Weapon Shop.
  1795 | D:3      | Found a glowing drain.
  1808 | D:3      | Gained mutation: You are mostly covered in sharp spines.
                  | [demonic ancestry]
  1808 | D:3      | Reached XP level 5. HP: 36/42 MP: 5/5
  1817 | Sewer    | Entered a sewer
  2330 | Sewer    | Reached XP level 6. HP: 48/48 MP: 6/6
  2661 | D:3      | Found a transporter.
  2668 | D:3      | Noticed Sanktem7's ghost (amateur MiFi)
  2714 | D:3      | Reached skill level 5 in Fighting
  2837 | D:3      | Found a transporter.
  2892 | D:4      | Reached skill level 5 in Polearms
  2937 | D:4      | Gained mutation: You have hoof-like feet. [demonic
                  | ancestry]
  2937 | D:4      | Reached XP level 7. HP: 49/56 MP: 7/7
  3550 | D:4      | Found a burning altar of Makhleb.
  3557 | D:4      | Found a blossoming altar of Fedhas.
  3803 | D:4      | Reached skill level 1 in Shields
  3974 | D:4      | Found an opulent altar of Gozag.
  3974 | D:4      | Found a shimmering altar of Xom.
  3979 | D:4      | Found a shadowy altar of Dithmenos.
  4170 | D:5      | Entered Level 5 of the Dungeon
  4296 | D:5      | Noticed Menkaure
  4311 | D:5      | Killed Menkaure
  4312 | D:5      | Gained mutation: You sometimes gain a little power by
                  | taking damage. [demonic ancestry]
  4312 | D:5      | Reached XP level 8. HP: 13/64 MP: 8/8
  4868 | D:5      | Noticed Sigmund
  4900 | D:5      | Killed Sigmund
  5001 | D:5      | Reached skill level 5 in Dodging
  5369 | D:5      | Identified the +2 dagger "Goblin's Funeral" {antimagic,
                  | rPois rCorr Str-2 Int+4}
  5803 | D:6      | Noticed Maggie
  5818 | D:6      | Killed Maggie
  5821 | D:6      | Gained mutation: You sometimes gain power by taking damage.
                  | [demonic ancestry]
  5821 | D:6      | Reached XP level 9. HP: 56/72 MP: 9/9
  6298 | D:6      | Found a runed translucent door.
  6299 | D:6      | Noticed Crazy Yiuf
  6409 | D:6      | Found a staircase to the Ecumenical Temple.
  6416 | Temple   | Entered the Ecumenical Temple
  6852 | D:6      | Killed Crazy Yiuf
  6920 | D:7      | Found an ancient bone altar of Kikubaaqudgha.
  7059 | D:7      | Found Porepris's Jewellery Shop.
  7299 | D:7      | Identified the +8 long sword of Hurting Terror {flame, rC+
                  | Str+4}
  7474 | D:7      | Found an iron altar of Okawaru.
  7494 | D:7      | Became a worshipper of Warmaster Okawaru
  7756 | D:8      | Noticed Psyche
  7784 | D:8      | Killed Psyche
  7784 | D:8      | Reached * piety under Okawaru
  7785 | D:8      | Reached skill level 1 in Invocations
  7928 | D:8      | Found Foas's Distillery.
  8058 | D:8      | Gained mutation: You punish those that try to bend your
                  | will. (Will+) [demonic ancestry]
  8058 | D:8      | Reached XP level 10. HP: 41/82 MP: 11/11
  8222 | D:8      | Found a transporter.
  8223 | D:8      | Found a transporter.
  8233 | D:8      | Found a transporter.
  8233 | D:8      | Found a transporter.
  8346 | D:8      | Noticed Pikel
  8363 | D:8      | Killed Pikel
  8363 | D:8      | Reached ** piety under Okawaru
  8701 | D:8      | Found a transporter.
  8702 | D:8      | Found a transporter.
  9315 | D:9      | Reached *** piety under Okawaru
  9452 | D:9      | Found a staircase to the Lair.
  9808 | D:9      | Reached skill level 5 in Invocations
  9869 | D:9      | Reached skill level 10 in Fighting
 10258 | D:10     | Entered Level 10 of the Dungeon
 10265 | D:10     | Noticed a two-headed ogre
 10275 | D:10     | Killed a two-headed ogre
 10275 | D:10     | Reached **** piety under Okawaru
 10276 | D:10     | Gained mutation: You are partially covered in razor-sharp
                  | scales. (AC +1, Slay +1) [demonic ancestry]
 10276 | D:10     | Reached XP level 11. HP: 37/91 MP: 13/15
 10954 | D:10     | Noticed a soul eater
 10955 | D:10     | Noticed a sixfirhy
 10957 | D:10     | Reached skill level 10 in Polearms
 10971 | D:10     | Noticed a brown ugly thing
 10971 | D:10     | Noticed a centaur warrior
 10994 | D:10     | Killed a centaur warrior
 11003 | D:10     | Killed a brown ugly thing
 11003 | D:10     | Reached ***** piety under Okawaru
 11011 | D:10     | Mangled by a freezing wraith

Illustrated notes

Levels and vault maps discovered:
D:1:      nzn_arrival_crosshair, layout_basic, basic_ecumenical_altar,
          minmay_misc_feat_diagonals, kennysheep_crisscross, minmay_pentomino_q4
D:2:      layout_rooms, serial_shops, nicolae_shop_advertising_works
          [nicolae_subvault_shop_adworks], glass_columns_a, grunt_ministairs_10,
          minmay_misc_feat_plants, minmay_distorted
D:3:      layout_rooms, portal_sewer_entry_a, gammafunk_ghost_mausoleum
D:4:      layout_basic, minitemple
D:5:      layout_cave_pods, dk_noncrumbling_4, nrook_campfire,
          chequers_serial_rivers_large_b, uniq_menkaure, uniq_sigmund
D:6:      layout_basic, minmay_temple_entry_tees, uniq_maggie,
          uniq_crazy_yiuf_cottage
D:7:      layout_rooms, okawaru_metal_pillars_1_2, mainiacjoe_overflow_chevrons,
          minmay_shop_enchanted_jewellery
D:8:      layout_cave_pods, serial_shops, shop, serial_nicolae_subway,
          nicolae_sub_station_stone, nicolae_sub_station_metal,
          nicolae_sub_station_crystal, uniq_pikel, uniq_psyche
D:9:      layout_cave_pools, grunt_lair_entry_orc_guard_hut,
          kennysheep_decorative_pillar
D:10:     minmay_chambers_of_sevens, layout_small_grid, serial_shops, shop
Temple:   dpeg_chambers_temple

Skill      XL: |  1  2  3  4  5  6  7  8  9 10 11 |
---------------+----------------------------------+-----
Polearms       | 3 4 5 7 8 9 10 | 10.2
Dodging        | 3 4 5 6 7 |  7.4
Fighting       | 3 4 5 6 7 8 10 | 10.7
Shields        | 1 3 4 |  4.9
Invocations    | 2 5 6 |  6.5
Throwing       | |  1.7

Action                     |  1- 3 |  4- 6 |  7- 9 | 10-12 || total
---------------------------+-------+-------+-------+-------++-------
  Melee: Trident           |    80 |   201 |   374 |   342 ||   997
         Punch             |     2 |     1 |       |       ||     3
         Kick              |     6 |     6 |       |       ||    12
 Invoke: Heroism           |       |       |       |     2 ||     2
    Use: Scroll            |       |     5 |    12 |     4 ||    21
         Potion            |       |       |     1 |     1 ||     2
   Stab: Sleeping          |       |     1 |       |       ||     1
         Invisible         |       |       |     2 |       ||     2
 Armour: Leather armour    |    20 |    30 |    46 |    55 ||   151
         Skin              |       |       |    53 |       ||    53
  Dodge: Dodged            |    48 |    82 |   136 |   145 ||   411
  Block: Buckler           |       |       |    61 |    72 ||   133

Table legend: (Time is in decaauts)
 A = Elapsed time spent in this place.
 B = Non-inter-level travel time spent in this place.
 C = Inter-level travel time spent in this place.
 D = Time resting spent in this place.
 E = Time spent auto-exploring this place.
 F = Levels seen in this place.
 G = Mean time per level.
                   A        B        C        D        E       F      G
               +--------+--------+--------+--------+--------+-----+--------+
         Total |  11107 |  10774 |    333 |   3266 |   5164 |  12 |  925.6 |
       Dungeon |  10238 |   9927 |    311 |   3099 |   4718 |  10 | 1023.8 |
        Temple |    226 |    204 |     22 |      0 |    191 |   1 |  226.0 |
         Sewer |    643 |    643 |      0 |    167 |    254 |   1 |  643.0 |
               +--------+--------+--------+--------+--------+-----+--------+

Top non-repeatable levels by time:
     D:5: 1680 daAuts
     D:9: 1481 daAuts
     D:4: 1326 daAuts
     D:8: 1291 daAuts
     D:2: 1085 daAuts
     D:6: 885 daAuts
     D:7: 707 daAuts
     D:1: 692 daAuts
   Sewer: 643 daAuts
    D:10: 566 daAuts
     D:3: 523 daAuts
  Temple: 226 daAuts
